 Dungeon Crawl Stone Soup version 0.26.1-10-gdfb7c7de75 (webtiles) character file.

Game seed: 10216446618718507041

1054 phalm the Firebug (level 8, 0/41 HPs)
             Began as a Deep Elf Fire Elementalist on Apr 6, 2021.
             Succumbed to a worker ant's poison
             ... on level 6 of the Dungeon.
             The game lasted 00:14:45 (6546 turns).

phalm the Firebug (Deep Elf Fire Elementalist)      Turns: 6546, Time: 00:14:45

Health: 0/41       AC:  4    Str:  5    XL:     8   Next: 5%
Magic:  22/23      EV: 13    Int: 23    God:
Gold:   305        SH:  0    Dex: 15    Spells: 2/15 levels left

rFire    + . .     SeeInvis .   s - +0 quarterstaff
rCold    . . .     Faith    .   (shield currently unavailable)
rNeg     . . .     Spirit   .   a - +1 robe
rPois    .         Reflect  .   (no helmet)
rElec    .         Harm     .   (no cloak)
rCorr    .         Rampage  .   (no gloves)
Will     .....                  h - +0 pair of boots
Stlth    ++........             (no amulet)
HPRegen  0.13/turn              e - ring of protection from fire
MPRegen  0.18/turn              i - ring of magical power

@: brilliant, lethally poisoned (0 -> -12)
A: low mp 1, MP-powered wands
a: no special abilities


You were on level 6 of the Dungeon.
You visited 1 branch of the dungeon, and saw 6 of its levels.

You collected 305 gold pieces.

Inventory:

Hand Weapons
 s - a +0 quarterstaff (weapon)
Armour
 a - a +1 robe (worn)
 h - a +0 pair of boots (worn)
Magical Staves
 u - an uncursed staff of earth
Jewellery
 d - an uncursed ring of ice
 e - a ring of protection from fire (left hand)
 i - a ring of magical power (right hand)
 l - a +4 ring of protection
Wands
 f - a wand of polymorph (8)
 q - a wand of disintegration (17)
Scrolls
 b - 5 scrolls of teleportation
 g - a scroll of fog
 j - a scroll of brand weapon {unknown}
 k - 3 scrolls of amnesia
 m - a scroll of remove curse
 o - a scroll of enchant armour
Potions
 c - a potion of mutation
 n - a potion of brilliance
 r - 2 potions of berserk rage
 t - a potion of lignification


   Skills:
 - Level 2.4 Dodging
 - Level 2.4 Stealth
 + Level 4.1 Spellcasting
 * Level 7.0 Conjurations
 * Level 7.8 Fire Magic


You had 2 spell levels left.
You knew the following spells:

 Your Spells              Type           Power        Failure   Level
a - Foxfire               Conj/Fire      100%         1%          1
b - Conjure Flame         Conj/Fire      56%          1%          3
c - Sticky Flame          Conj/Fire      56%          4%          4
d - Fireball              Conj/Fire      28%          13%         5

Your spell library contained the following spells:

 Spells                   Type           Power        Failure   Level
 Sandblast                Erth           14%          11%         1
 Passwall                 Tmut/Erth      5%           16%         2
 Inner Flame              Hex/Fire       34%          6%          3
 Stone Arrow              Conj/Erth      62%          8%          3
 Confusing Touch          Hex            7%           30%         3
 Gell's Gravitas          Tloc           3%           30%         3
 Petrify                  Tmut/Erth      7%           71%         4
 Lee's Rapid Deconstruct  Erth           3%           96%         5
 Metabolic Englaciation   Hex/Ice        3%           96%         5
 Yara's Violent Unravell  Hex/Tmut       3%           96%         5


Dungeon Overview and Level Annotations

Branches:
Dungeon (6/15)
 Temple: D:4-7

Altars:
Cheibriados
Elyvilon
Sif Muna
Xom
Zin


Innate Abilities, Weirdness & Mutations

Your magical capacity is low. (-10% MP)
You expend magic power (3 MP) to strengthen your wands.


Message History

* * * LOW HITPOINT WARNING * * *
You feel sick.
The foxfire hits the worker ant but does no damage.
The worker ant is heavily wounded.
The foxfire hits the worker ant but does no damage.
The worker ant is heavily wounded.
The worker ant bites you.
* * * LOW HITPOINT WARNING * * *
You are more poisoned.
The worker ant poisons you!
It was a potion of mutation.
You feel extremely strange.
You feel less energetic.
You feel your magical essence link to the dungeon's wands.
* * * LOW HITPOINT WARNING * * *
You feel sick. The worker ant closely misses you.
You are too injured to fight recklessly!
Casting: Foxfire (safe; 1% risk of failure)
Press: ? - help, Q - select action, (/) - cycle Dir - look around, f - activate You feel a surge of power!
You conjure some foxfire!
You die...

#########
#....v..##############
#....@B..............#
#....v..###########.##
#.......# #.# #######
#.......# #.# ....$.####
#.....††######## #.#
......'..# ###+#..........#
#.# ......##.#
#.#.########.# #.#
########)#####.#.#....<.#.#
#.# #.##....#.#.#....#.#
#.#


You could see a worker ant.

Vanquished Creatures
  A water moccasin (D:4)
  A sky beast (D:5)
  3 bullfrogs (D:6)
  A scorpion (D:5)
  2 centaur skeletons
  A gnoll shaman (D:2)
  A hound (D:5)
  An orc priest (D:5)
  Jessica (D:2)
  6 orc wizards
  2 worker ants
  A hound skeleton (D:4)
  10 gnolls
  2 adders
  2 adder skeletons
  3 worms
  7 leopard geckos
  21 orcs
  A giant cockroach (D:1)
  5 goblins
  9 hobgoblins
  3 jackals (D:6)
  2 kobolds (D:2)
  3 quokkas
  2 ball pythons
  7 bats
  3 frilled lizards
  5 rats
106 creatures vanquished.

Vanquished Creatures (others)
  343 foxfires
  4 toadstools (D:6)
347 creatures vanquished.

Grand Total: 453 creatures vanquished

Notes
Turn   | Place    | Note
-------+----------+-------------------------------------------
     0 | D:1      | phalm the Deep Elf Fire Elementalist began the quest for
                  | the Orb.
     0 | D:1      | Reached XP level 1. HP: 10/10 MP: 6/6
   508 | D:1      | Reached XP level 2. HP: 12/15 MP: 5/8
  1035 | D:2      | Reached XP level 3. HP: 8/19 MP: 4/9
  1197 | D:2      | Reached XP level 4. HP: 22/24 MP: 4/10
  1224 | D:2      | Learned a level 3 spell: Conjure Flame
  1229 | D:2      | Learned a level 4 spell: Sticky Flame
  1244 | D:2      | Noticed Jessica
  1246 | D:2      | Killed Jessica
  2398 | D:3      | Reached skill level 5 in Fire Magic
  2409 | D:3      | Reached XP level 5. HP: 19/28 MP: 3/11
  2579 | D:3      | Found a glowing silver altar of Zin.
  3063 | D:4      | Noticed a water moccasin
  3075 | D:4      | Killed a water moccasin
  3076 | D:4      | Reached XP level 6. HP: 20/32 MP: 8/12
  3420 | D:4      | Found a shimmering blue altar of Sif Muna.
  3440 | D:4      | Reached skill level 5 in Conjurations
  3518 | D:4      | Found a snail-covered altar of Cheibriados.
  3902 | D:4      | Found a shimmering altar of Xom.
  4403 | D:4      | Reached XP level 7. HP: 36/36 MP: 10/13
  4577 | D:5      | Entered Level 5 of the Dungeon
  5113 | D:5      | Learned a level 5 spell: Fireball
  6265 | D:4      | Identified Sif Muna's Guide on Earth
  6303 | D:6      | Found a white marble altar of Elyvilon.
  6344 | D:6      | Reached XP level 8. HP: 24/41 MP: 16/16
  6544 | D:6      | HP: 2/41 [worker ant (1)]
  6545 | D:6      | Gained mutation: Your magical capacity is low. (-10% MP)
                  | [potion of mutation]
  6545 | D:6      | Gained mutation: You expend magic power (3 MP) to
                  | strengthen your wands. [potion of mutation]
  6546 | D:6      | Succumbed to a worker ant's poison

Illustrated notes

Levels and vault maps discovered:
D:1:      dpeg_arrival_orchard, layout_basic, corner_web_ring
D:2:      layout_loops_corners, uniq_jessica
D:3:      layout_basic, zin_academy
D:4:      layout_basic, led_sif_book, cheibriados_altar_1,
          hangedman_decor_slide_cut, xom_teletrap_fun
D:5:      layout_loops_cross, minmay_misc_feat_plants
D:6:      layout_basic, nicolae_gozag_seed_capital, elyvilon_altar_5,
          minmay_gold_behind_fungi

Skill      XL: |  1  2  3  4  5  6  7 |
---------------+----------------------+-----
Conjurations   | 2 3 4 5 7 |  7.0
Fire Magic     | 4 5 6 7 |  7.8
Spellcasting   | 4 |  4.1
Dodging        | |  2.4
Stealth        | |  2.4

Action                   |  1- 3 |  4- 6 |  7- 9 || total
-------------------------+-------+-------+-------++-------
Melee: Unarmed           |     2 |     1 |       ||     3
       Whip              |       |    10 |       ||    10
 Cast: Foxfire           |    43 |    83 |    96 ||   222
       Conjure Flame     |       |     3 |     1 ||     4
  Use: Scroll            |       |     9 |       ||     9
       Potion            |       |     5 |     4 ||     9
Armor: Robe              |     2 |    21 |     5 ||    28
       Skin              |       |     1 |       ||     1
Dodge: Dodged            |    10 |    37 |    32 ||    79
